 Dungeon Crawl Stone Soup version 0.30-a0-691-g754fce4c43 (console) character file.

Game seed: 1946432381411691804

175216 Ignak the Fighter (level 18, -21/187 HPs)
             Began as an Ogre Hedge Wizard on Jan 18, 2023.
             Was the Champion of Okawaru.
             Demolished by a naga warrior
             ... wielding a +4 mace of holy wrath
              (26 damage)
             ... on level 4 of the Snake Pit on Jan 19, 2023.
             The game lasted 02:38:18 (38202 turns).

Ignak the Fighter (Ogre Hedge Wizard)              Turns: 38202, Time: 02:38:19

Health: -21/187    AC: 25    Str: 21      XL:     18   Next: 9%
Magic:  6/34       EV: 11    Int: 20 (21) God:    Okawaru [******]
Gold:   442        SH: 11    Dex: 18      Spells: 8/41 levels left

rFire   + + .      SeeInvis .    a - +8 broad axe (venom)
rCold   . . .      Faith    .    x - +0 kite shield "Niojann" {rPois Regen+ Int+4 Dex+3}
rNeg    + + +      Spirit   .    S - +7 fire dragon scales of Yrueruag {+Inv rF++ rC- rN+ Regen+}
rPois   +          Reflect  .    P - +2 hat of Unambiguity {rN+ Will+}
rElec   +          Harm     .    p - +2 cloak
rCorr   .          Rampage  .    (gloves unavailable)
Will    +++..                    (boots unavailable) Stlth
                                 N - amulet of the acrobat
HPRegen 2.11/turn                c - ring "Patan" {Wiz rElec rPois rN+ Str-2 Stlth+}
MPRegen 0.24/turn                d - ring "Bojo" {rElec rPois rC+ Dex+7 Stlth-}

@: lethally poisoned (-21 -> -24), about to teleport, weakened, on blink
cooldown, very slightly contaminated
A: large, unfitting armour, tough skin 1, deterioration 1, strong-willed 1
a: Renounce Religion, Evoke Invisibility, Heroism, Finesse, Duel


You were on level 4 of the Snake Pit.
You worshipped Okawaru.
Okawaru was exalted by your worship.
You visited 5 branches of the dungeon, and saw 27 of its levels.
You also visited: Sewer, Gauntlet, Ice Cave and Volcano.

You collected 3231 gold pieces.
You spent 2789 gold pieces at shops.

Inventory:

Hand Weapons
 a - a +8 broad axe of venom (weapon)
 n - the +5 morningstar "Killer Bee's Bane" {flame, Int+3 Stlth+}
   (You took it off an orc knight on level 1 of the Orcish Mines)

   Int:       It affects your intelligence (+3).
   Stlth:     It makes you more stealthy.
 U - the +10 rapier of the Sage {freeze, MP+9 SInv}
   (You found it on level 4 of the Lair of Beasts)

   MP:        It affects your magic capacity (+9).
   SInv:      It lets you see invisible.
 Y - the +8 demon trident of Ruination {vamp, Int+5}
   (Okawaru gifted it to you on level 1 of the Snake Pit)

   Int:       It affects your intelligence (+5).
Missiles
 w - 14 large rocks (quivered)
Armour
 e - a +1 robe of resistance
 p - a +2 cloak (worn)
 x - the +0 kite shield "Niojann" (worn) {rPois Regen+ Int+4 Dex+3}
   (Okawaru gifted it to you on level 3 of the Snake Pit)

   Int:       It affects your intelligence (+4).
   Dex:       It affects your dexterity (+3).
   rPois:     It protects you from poison.
   Regen:     It increases your rate of health regeneration.
 P - the +2 hat of Unambiguity (worn) {rN+ Will+}
   (Okawaru gifted it to you on level 2 of the Lair of Beasts)

   rN:        It protects you from negative energy.
   Will:      It increases your willpower.
 S - the +7 fire dragon scales of Yrueruag (worn) {+Inv rF++ rC- rN+ Regen+}
   (You bought it in a shop on level 8 of the Dungeon)

   rF:        It greatly protects you from fire.
   rC:        It makes you vulnerable to cold.
   rN:        It protects you from negative energy.
   +Inv:      It lets you turn invisible.
   Regen:     It increases your rate of health regeneration.
 V - a +0 troll leather armour
 X - the -2 hat of Okawaru's Supremacy {rN+ Regen+ Int+2}
   (Okawaru gifted it to you on level 5 of the Lair of Beasts)

   Int:       It affects your intelligence (+2).
   rN:        It protects you from negative energy.
   Regen:     It increases your rate of health regeneration.
Magical Staves
 b - a staff of cold
Jewellery
 c - a ring "Patan" (left hand) {Wiz rElec rPois rN+ Str-2 Stlth+}
   (You took it off an orc wizard on level 1 of the Orcish Mines)

   [ring of wizardry]

   It improves your spell success rate.
   Str:       It affects your strength (-2).
   rElec:     It insulates you from electricity.
   rPois:     It protects you from poison.
   rN:        It protects you from negative energy.
   Stlth:     It makes you more stealthy.
 d - the ring "Bojo" (right hand) {rElec rPois rC+ Dex+7 Stlth-}
   (You found it in an ice cave)

   [ring of protection from cold]

   Dex:       It affects your dexterity (+7).
   rC:        It protects you from cold.
   rElec:     It insulates you from electricity.
   rPois:     It protects you from poison.
   Stlth:     It makes you less stealthy.
 r - a ring of willpower
 z - the ring of Peumu {Fly rPois Str+2 Slay-2}
   (You found it in a Gauntlet)

   [ring of flight]

   Str:       It affects your strength (+2).
   Slay:      It affects your accuracy & damage with ranged weapons and melee
   (-2).
   rPois:     It protects you from poison.
   Fly:       It grants you flight.
 I - a ring of wizardry
 N - an amulet of the acrobat (around neck)
Wands
 g - a wand of flame (14)
 l - a wand of digging (5)
 y - a wand of roots (21)
 A - a wand of light (15)
 Q - a wand of polymorph (3)
Scrolls
 s - a scroll of butterflies {unknown}
 t - 10 scrolls of fog
 v - 12 scrolls of teleportation
 B - 12 scrolls of identify
 C - 2 scrolls of poison
 D - 4 scrolls of blinking
 F - a scroll of silence
 H - a scroll of enchant armour
 J - 8 scrolls of fear
 O - a scroll of amnesia
Potions
 h - 2 potions of invisibility
 i - 7 potions of haste
 j - 2 potions of lignification
 k - 9 potions of curing
 m - 4 potions of flight
 o - 7 potions of ambrosia
 q - 3 potions of cancellation
 u - 3 potions of might
 W - a potion of brilliance
 Z - a potion of mutation
Miscellaneous
 f - a phial of floods
 R - a condenser vane


   Skills:
 + Level 13.6 Fighting
 * Level 5.6(9.4) Axes
 - Level 8.2(8.9) Maces & Flails
 - Level 7.5(8.4) Polearms
 + Level 10.0 Armour
 + Level 10.0 Dodging
 - Level 1.4 Stealth
 * Level 8.5 Shields
 - Level 1.0 Unarmed Combat
 + Level 12.1 Spellcasting
 - Level 7.0 Conjurations
 - Level 1.0 Summonings
 - Level 3.0 Translocations
 - Level 4.0 Transmutations
 - Level 2.0 Fire Magic
 - Level 7.0 Ice Magic
 * Level 11.1 Air Magic
 - Level 2.0 Earth Magic
 - Level 2.0 Poison Magic
 - Level 9.0 Invocations
 - Level 1.0 Evocations


You had 8 spell levels left.
You knew the following spells:

 Your Spells              Type           Power      Damage    Failure   Level
a - Magic Dart            Conj           100%       1d8       1%          1
b - Blink                 Tloc           48%        N/A       5%          2
c - Cigotuvi's Dreadful   Necr/Pois/Air  58%        N/A       3%          2
d - Mephitic Cloud        Conj/Pois/Air  39%        N/A       2%          3
e - Arcjolt               Conj/Air       24%        1d34      9%          5
f - Freezing Cloud        Conj/Ice/Air   22%        6-21      11%         5
h - Sublimation of Blood  Necr           12%        N/A       17%         2
q - Stone Arrow           Conj/Erth      60%        3d10      6%          3
r - Lightning Bolt        Conj/Air       24%        1d39      9%          5
x - Ignite Poison         Fire/Tmut/Pois 22%        N/A       12%         3
z - Wereblood             Tmut           28%        N/A       3%          2

Your spell library contained the following spells:

 Spells                   Type           Power      Damage    Failure   Level
 Poisonous Vapours        Pois/Air       76%        N/A       1%          2
 Static Discharge         Conj/Air       96%        2-6/arc   1%          2
 Frozen Ramparts          Ice            80%        1d13      1%          3
 Hailstorm                Conj/Ice       40%        3d10      1%          3
 Vhi's Electric Charge    Tloc/Air       80%        N/A       1%          3
 Beastly Appendage        Tmut           56%        N/A       2%          1
 Apportation              Tloc           48%        N/A       3%          1
 Kindle Blastsparks       Fire/Tloc/Air  66%        2d15      4%          3
 Sandblast                Erth           40%        2d10      5%          1
 Spider Form              Tmut/Pois      24%        N/A       11%         3
 Slow                     Hex            48%        N/A       12%         1
 Ice Form                 Ice/Tmut       34%        N/A       12%         4
 Iskenderun's Mystic Bla  Conj/Tloc      32%        2d8       16%         4
 Portal Projectile        Hex/Tloc       36%        N/A       19%         3
 Inner Flame              Hex/Fire       16%        N/A       24%         3
 Fulminant Prism          Conj/Hex       13%        3d8       26%         4
 Petrify                  Tmut/Erth      24%        N/A       32%         4
 Irradiate                Conj/Tmut      17%        3d17      32%         5
 Olgreb's Toxic Radiance  Pois           20%        N/A       45%         4
 Blade Hands              Tmut           14%        N/A       52%         5
 Alistair's Intoxication  Tmut/Pois      16%        N/A       65%         5
 Cause Fear               Hex            6%         N/A       71%         4
 Lee's Rapid Deconstruct  Erth           10%        3d8*      78%         5
 Iron Shot                Conj/Erth      15%        9d4       94%         6
 Storm Form               Tmut/Air       21%        N/A       98%         7
 Eringya's Noxious Bog    Tmut/Pois      12%        N/A       99%         6
 Statue Form              Tmut/Erth      16%        N/A       99%         6
 Ozocubu's Refrigeration  Ice            20%        4d11      99%         7
 Discord                  Hex            6%         N/A       100%        8
 Ignition                 Fire           10%        3d5       100%        8
 Lehudib's Crystal Spear  Conj/Erth      15%        10d5      100%        8
 Maxwell's Capacitive Co  Air            27%        ∞         100%        8
 Summon Lightning Spire   Summ/Air       Unusable   N/A       N/A         4
 Call Imp                 Summ           Unusable   N/A       N/A         2
 Summon Ice Beast         Ice/Summ       Unusable   N/A       N/A         4
 Tukima's Dance           Hex            Unusable   N/A       N/A         3
 Animate Armour           Summ/Erth      Unusable   N/A       N/A         4
 Summon Forest            Summ/Tloc      Unusable   N/A       N/A         5
 Simulacrum               Ice/Necr       Unusable   N/A       N/A         6
 Summon Hydra             Summ           Unusable   N/A       N/A         7

Dungeon Overview and Level Annotations

Branches:
Dungeon (15/15)            Temple (1/1) D:7            Lair (5/5) D:8
 Shoals (0/4) Lair:3        Snake (4/4) Lair:3        Slime (0/5) Lair:5
    Orc (2/2) D:9             Elf (0/3) Orc:2        Vaults (0/5) D:13
 Depths (0/4) D:15          Sewer (visited)           IceCv (visited)
Volcano (visited)         Gauntlet (visited)

Altars:
Ashenzari
Cheibriados
Elyvilon
Fedhas
Gozag
Hepliaklqana
Kikubaaqudgha
Makhleb
Nemelex Xobeh
Okawaru
Qazlal
Ru
Sif Muna
Trog
Uskayaw
Vehumet
Wu Jian
Xom
Zin
The Shining One
Jiyva

Shops:
D:8 [   Orc:2 [[:?   Snake:1 :::=


Innate Abilities, Weirdness & Mutations

You are too large for most types of armour.
You have tough skin. (AC +1)
Your body sometimes deteriorates upon taking damage.
You are strong-willed. (Will+)


Message History

You feel stable enough to blink again.
You feel extremely sick.
The naga sharpshooter gestures wildly while chanting.
The nagaraja is engulfed in freezing vapours.
The nagaraja barely misses you. The nagaraja constricts you.
You block the salamander's attack. x2
The naga sharpshooter gestures wildly while chanting.
The naga sharpshooter magically shoots a bolt.
You block the bolt.
Casting: Blink (safe; 4% risk of failure)
Confirm with . or Enter, or press ? or * to list all spells.
Aiming: Freezing Cloud (dangerous; 10% risk of failure)
Press: ? - help, Dir - move target, f - guardian serpent
Aim: a guardian serpent You feel very sick.
The naga sharpshooter is engulfed in freezing vapours.
The guardian serpent is engulfed in freezing vapours.
The naga mage is engulfed in freezing vapours.
The nagaraja is engulfed in freezing vapours.
The nagaraja hits you with a +0 halberd!!!
* * * LOW HITPOINT WARNING * * *
The nagaraja constricts you.
* * * LOW HITPOINT WARNING * * *
The salamander is engulfed in freezing vapours.
The salamander barely misses you.
The salamander hits you but does no damage.
The naga sharpshooter mumbles some strange words.
The naga sharpshooter magically shoots a bolt.
The bolt hits you!!
* * * LOW HITPOINT WARNING * * *
Your body deteriorates!
You feel dopey.
Casting: Freezing Cloud (dangerous; 11% risk of failure)
Confirm with . or Enter, or press ? or * to list all spells.
You escape the nagaraja's grasp.
You blink.
* * * LOW HITPOINT WARNING * * *
You feel very sick.
The guardian serpent is engulfed in freezing vapours.
The nagaraja is engulfed in freezing vapours.
The naga warrior hits you with a +4 mace of holy wrath!!
You die...

**,,,,,,,,,,,,,**
*,,,,,8...8.....#
*,,⌠,,,......⌠..#
*,,,,,8...8.....# ###
###,,,,,..^.......# #.#
..#,,,,.8...8.....# ##.##
..#,,,⌠)......⌠...# ##...#
..#,,,,.8...8..N..##### #....#
..#,,,,........N@.#...## #....#
..#.....8...8.N.N.#....## ##.....
..##.⌠.......☼☼N.##.....###...)..
...#....8...8§NS.#.....###....#..
...##....°○§○§§§##.....# ##...#..
....#..[..§§§N§§#.....#####...#..
....##....§NN§§##....## #.....##.
.....###..§§N###.....####.....##.
..)....##.N§####......##.....###.


You could see 3 nagarajas, 2 naga warriors, 2 naga sharpshooters, 2 salamanders,
a guardian serpent and a naga mage (fast, strong).

Vanquished Creatures
  Jorgrun (D:12)
  An Ice Fiend (IceCv)
  Frances (D:14)
  Roxanne (D:14)
  2 nagarajas (Snake:4)
  An ironbound preserver (D:13)
  3 orc warlords (Orc:1)
  The ghost of semem the Fighter, a journeyman NaFi of Gozag (Orc:1)
  A minotaur (Gauntlet)
  Azrael (Snake:2)
  Snorg (D:14)
  2 fire dragons (D:15)
  2 salamander tyrants (Snake:4)
  5 hydras
  3 ogre magi (Orc:2)
  A caustic shrike simulacrum (IceCv)
  Fannar (Lair:3)
  2 catoblepae
  5 two-headed ogres
  3 boulder beetles
  7 anacondas
  6 centaur warriors
  3 death yaks (D:7)
  2 tengu warriors
  4 shock serpents
  14 naga warriors
  A death knight (D:14)
  An orc high priest (Orc:1)
  16 naga sharpshooters
  Sonja (Lair:3)
  A fire crab (Volcano)
  5 salamander mystics
  A skeletal warrior (D:14)
  2 goliath frogs (Lair:5)
  7 naga ritualists
  A lindwurm (Volcano)
  A bog body (IceCv)
  3 orc knights
  An obsidian statue (IceCv)
  9 spriggan simulacra (IceCv)
  12 mana vipers
  10 orc sorcerers
  3 manticores
  6 cyclopes
  14 salamanders
  7 ugly things
  12 elephants
  8 guardian serpents
  44 black mambas
  A merfolk siren (Lair:3)
  16 cane toads
  14 naga magi
  A gargoyle (D:13)
  A komodo dragon (shapeshifter) (D:13)
  An anaconda simulacrum (IceCv)
  7 ice devils (IceCv)
  3 rime drakes
  6 komodo dragons
  3 freezing wraiths
  A kobold demonologist (D:11)
  2 tengu conjurers
  A golden dragon simulacrum (IceCv)
  7 trolls
  A raiju (Gauntlet)
  2 tyrant leeches (Lair:5)
  15 blink frogs
  5 dream sheep (Lair:4)
  15 slime creatures
  Sigmund (D:5)
  14 flying skulls (Gauntlet)
  2 vampires
  2 shadows
  A yak (shapeshifter) (D:15)
  10 fire bats (Volcano)
  4 wyverns
  28 yaks
  4 wraiths
  4 fire elementals (Snake:2)
  4 steam dragons
  3 basilisks
  9 vampire mosquitoes
  Edmund (D:5)
  10 minotaur simulacra (IceCv)
  47 nagas
  9 wargs
  3 acid dragons
  10 water moccasins
  4 hell hounds
  2 sky beasts (D:7)
  A hornet zombie (D:7)
  3 alligator simulacra (IceCv)
  46 orc warriors
  Pargi (Sewer)
  An ice beast (D:6)
  3 black bears
  3 ettin simulacra (IceCv)
  8 ogres
  35 wolves
  6 centaurs
  3 lemures (D:5)
  3 kobold brigands
  A phantom (D:6)
  14 bullfrogs
  2 necrophages
  2 gnoll sergeants
  5 scorpions
  9 deep troll simulacra (IceCv)
  12 wights
  8 killer bees
  3 lindwurm simulacra (IceCv)
  3 howler monkeys
  8 electric eels
  8 crimson imps (D:10)
  3 centaur zombies (D:7)
  6 lava snakes (Volcano)
  Crazy Yiuf (D:2)
  4 jellies
  16 orc priests
  2 hounds
  A gnoll bouda (D:7)
  An iguana (D:7)
  34 orc wizards
  A howler monkey zombie (D:7)
  3 adders
  15 gnolls
  A shadow imp (D:10)
  5 white imps
  2 ufetubi
  A worm (D:3)
  A dart slug (D:1)
  87 orcs
  6 endoplasms
  4 giant cockroaches
  4 goblins
  6 hobgoblins
  3 quokkas
  4 ball pythons
  5 bats
  3 frilled lizards
  15 kobolds
  4 rats
  A spectral orc (D:11)
941 creatures vanquished.

Vanquished Creatures (collateral kills)
  Pikel (D:5)
  A black bear (D:6)
  A centaur (D:5)
  An ogre (D:5)
  A lemure (D:5)
  2 hounds
  3 gnolls (D:2)
  4 adders
  An orc (D:5)
  An endoplasm (D:4)
  A quokka (D:4)
  A ball python (D:4)
18 creatures vanquished.

Vanquished Creatures (others)
  A black mamba (Snake:2)
  A naga (Lair:3)
  A gnoll (D:10)
  An orc (D:9)
  27 fungi
  70 plants
101 creatures vanquished.

Grand Total: 1060 creatures vanquished

Notes
Turn   | Place    | Note
-------+----------+-------------------------------------------
     0 | D:1      | Ignak the Ogre Hedge Wizard began the quest for the Orb.
     0 | D:1      | Reached XP level 1. HP: 16/16 MP: 5/5
   178 | D:1      | Reached skill level 1 in Conjurations
   196 | D:1      | Reached skill level 1 in Translocations
   267 | D:1      | Reached XP level 2. HP: 12/26 MP: 6/6
   325 | D:1      | Learned a level 2 spell: Blink
   328 | D:1      | Learned a level 2 spell: Cigotuvi's Dreadful Rot
   904 | D:2      | Learned a level 2 spell: Call Imp
  1060 | D:2      | Found a faded altar of an unknown god.
  1148 | D:2      | Reached skill level 1 in Summonings
  1148 | D:2      | Reached XP level 3. HP: 32/32 MP: 6/8
  1149 | D:2      | Reached skill level 1 in Fighting
  1568 | D:2      | Reached XP level 4. HP: 26/41 MP: 9/9
  1776 | D:2      | Reached skill level 1 in Unarmed Combat
  1887 | D:2      | Found a runed translucent door.
  1888 | D:2      | Noticed Crazy Yiuf
  1898 | D:2      | Learned a level 3 spell: Mephitic Cloud
  1928 | D:2      | Killed Crazy Yiuf
  2106 | D:3      | Reached skill level 1 in Armour
  2249 | D:3      | Reached XP level 5. HP: 49/49 MP: 8/11
  2699 | D:4      | Found a broken altar of Ashenzari.
  2779 | D:4      | Reached skill level 2 in Fighting
  2838 | D:4      | Found a glowing drain.
  2843 | Sewer    | Entered a sewer
  2945 | Sewer    | Noticed Pargi
  2958 | Sewer    | Killed Pargi
  2959 | Sewer    | Reached skill level 1 in Polearms
  2959 | Sewer    | Reached skill level 1 in Air Magic
  2959 | Sewer    | Reached skill level 1 in Poison Magic
  2959 | Sewer    | Reached XP level 6. HP: 54/59 MP: 7/12
  3360 | D:4      | Found a glowing silver altar of Zin.
  3490 | D:4      | Learned a level 3 spell: Ignite Poison
  3629 | D:4      | Reached XP level 7. HP: 66/66 MP: 5/13
  3836 | D:5      | Entered Level 5 of the Dungeon
  3871 | D:5      | Reached skill level 3 in Fighting
  4001 | D:5      | Reached skill level 1 in Fire Magic
  4100 | D:5      | Reached skill level 1 in Transmutations
  4312 | D:5      | Noticed Pikel
  4313 | D:5      | Noticed Sigmund
  4330 | D:5      | Killed Sigmund
  4331 | D:5      | Reached XP level 8. HP: 47/78 MP: 9/15
  4387 | D:5      | Killed Pikel
  4388 | D:5      | Reached skill level 4 in Fighting
  4388 | D:5      | Reached skill level 5 in Spellcasting
  4603 | D:5      | Noticed Edmund
  4615 | D:5      | Killed Edmund
  4902 | D:6      | Found a blossoming altar of Fedhas.
  4993 | D:6      | Reached XP level 9. HP: 78/85 MP: 13/17
  5040 | D:6      | Found a bloodstained altar of Trog.
  5139 | D:6      | Reached skill level 5 in Fighting
  5400 | D:6      | Identified the +10 whip of Fitedirch {speed, Fragile
                  | Will+++ rCorr Str+3}
  5494 | D:6      | Found an opulent altar of Gozag.
  6013 | D:7      | Reached skill level 1 in Maces & Flails
  6586 | D:7      | Found a burning altar of Makhleb.
  6694 | D:7      | Reached skill level 6 in Fighting
  6750 | D:7      | Reached skill level 1 in Invocations
  6750 | D:7      | Reached XP level 10. HP: 77/98 MP: 19/19
  6890 | D:7      | Found a staircase to the Ecumenical Temple.
  6905 | Temple   | Entered the Ecumenical Temple
  7005 | Temple   | Became a worshipper of Warmaster Okawaru
  7023 | D:7      | Learned a level 5 spell: Freezing Cloud
  7406 | D:8      | Noticed a death yak
  7574 | D:8      | Noticed a death yak
  7576 | D:8      | Reached skill level 1 in Ice Magic
  7743 | D:7      | Reached * piety under Okawaru
  7959 | D:7      | Killed a death yak
  7960 | D:7      | Reached skill level 5 in Dodging
  8142 | D:8      | Noticed a death yak
  8341 | D:7      | Killed a death yak
  8341 | D:7      | Reached ** piety under Okawaru
  8342 | D:7      | Reached skill level 7 in Fighting
  8921 | D:7      | Killed a death yak
  8922 | D:7      | Reached XP level 11. HP: 96/109 MP: 14/21
  9680 | D:8      | Found a staircase to the Lair.
  9711 | D:8      | Found a radiant altar of Vehumet.
 10230 | D:8      | Found Fraech's Dragon-Slaying Spoils.
 10568 | D:9      | Found a stormy altar of Qazlal.
 10568 | D:9      | Found an ancient bone altar of Kikubaaqudgha.
 10768 | D:9      | Found a glowing golden altar of the Shining One.
 10903 | D:9      | Found an ornate altar of the Wu Jian Council.
 11052 | D:9      | Found a staircase to the Orcish Mines.
 11088 | D:9      | Reached *** piety under Okawaru
 11478 | D:9      | Reached skill level 5 in Maces & Flails
 11785 | Orc:1    | Entered Level 1 of the Orcish Mines
 11833 | Orc:1    | Reached skill level 5 in Conjurations
 11934 | Orc:1    | Reached skill level 5 in Air Magic
 11934 | Orc:1    | Reached skill level 5 in Invocations
 11934 | Orc:1    | Noticed a two-headed ogre
 11948 | Orc:1    | Killed a two-headed ogre
 11948 | Orc:1    | Reached **** piety under Okawaru
 12023 | Orc:1    | Noticed an orc sorcerer
 12049 | Orc:1    | Noticed a soul eater
 12157 | Orc:1    | Killed an orc sorcerer
 12300 | Orc:1    | Noticed semem's ghost (journeyman NaFi)
 12301 | Orc:1    | Found a transporter.
 12305 | Orc:1    | Found a transporter.
 12306 | Orc:1    | Noticed an orc warlord
 12319 | Orc:1    | Noticed an orc sorcerer
 12320 | Orc:1    | Noticed a sixfirhy
 12327 | Orc:1    | Killed an orc sorcerer
 12445 | Orc:1    | Noticed an orc high priest
 12453 | Orc:1    | Killed an orc high priest
 12453 | Orc:1    | Reached ***** piety under Okawaru
 12810 | Orc:1    | Noticed an orc knight
 12820 | Orc:1    | Reached XP level 12. HP: 72/119 MP: 13/23
 12834 | Orc:1    | Reached skill level 8 in Fighting
 13474 | Orc:1    | Noticed an orc warlord
 13492 | Orc:1    | Identified the +5 morningstar "Killer Bee's Bane" {flame,
                  | Int+3 Stlth+}
 13496 | Orc:1    | Identified a ring "Patan" {Wiz rElec rPois rN+ Str-2
                  | Stlth+}
 13498 | Orc:1    | Killed an orc warlord
 13498 | Orc:1    | Identified the +0 great mace "Botha" {spect, Fragile rF+
                  | Stlth+} (Okawaru gifted it to you on level 1 of the Orcish
                  | Mines)
 13498 | Orc:1    | Received a gift from Okawaru
 13499 | Orc:1    | Reached skill level 5 in Armour
 14134 | Orc:1    | Noticed an orc warlord
 14265 | Orc:1    | Killed an orc warlord
 14266 | Orc:1    | Reached skill level 5 in Ice Magic
 14695 | Orc:1    | Identified the +8 shortbow of Afuem {flame, Int+7}
 15058 | Orc:1    | Learned a level 2 spell: Sublimation of Blood
 15322 | Orc:1    | Killed semem's ghost
 15634 | Orc:1    | Killed an orc warlord
 15731 | Orc:2    | Entered Level 2 of the Orcish Mines
 15984 | Orc:2    | Noticed a two-headed ogre
 16003 | Orc:2    | Found a dark tunnel.
 16011 | Orc:2    | Killed a two-headed ogre
 16024 | Volcano  | Entered a volcano
 16379 | Volcano  | Identified the +7 fire dragon scales of the Prince of
                  | Darkness {Contam rElec rF++ rC- rN+ Str+2} (Okawaru gifted
                  | it to you in a volcano)
 16379 | Volcano  | Received a gift from Okawaru
 16469 | Volcano  | Reached XP level 13. HP: 124/130 MP: 8/25
 16514 | Volcano  | Reached skill level 9 in Fighting
 16542 | Volcano  | Found a bloodstained altar of Trog.
 16641 | Volcano  | Found a bloodstained altar of Trog.
 16912 | D:8      | Bought the +7 fire dragon scales of Yrueruag {+Inv rF++ rC-
                  | rN+ Regen+} for 1201 gold pieces
 16925 | D:8      | Gained mutation: You occasionally lose the ability to read
                  | scrolls when taking damage. [mutagenic glow]
 17136 | Orc:2    | Found a burning altar of Makhleb.
 17206 | Orc:2    | Found a staircase to the Elven Halls.
 17546 | Orc:2    | Found Tezxaezo's Magic Scroll Shop.
 17673 | Orc:2    | Bought a scroll of identify for 32 gold pieces
 17673 | Orc:2    | Bought a scroll of teleportation for 48 gold pieces
 17705 | Orc:2    | Found an ancient bone altar of Kikubaaqudgha.
 17770 | Orc:2    | Found Kovofyt's Book Boutique.
 17868 | Orc:2    | Found a radiant altar of Vehumet.
 17944 | Orc:2    | Found Qaostuo's Antique Armour Shop.
 17996 | Orc:2    | Found Kaeqifaw's Antique Armour Shop.
 18011 | Orc:2    | Bought an embroidered cloak for 172 gold pieces
 18375 | Lair:1   | Entered Level 1 of the Lair of Beasts
 18455 | Lair:1   | Reached ****** piety under Okawaru
 18743 | Lair:1   | You fall into a shaft and drop 1 floor!
 18784 | Lair:2   | Identified the +2 hat of Unambiguity {rN+ Will+} (Okawaru
                  | gifted it to you on level 2 of the Lair of Beasts)
 18784 | Lair:2   | Received a gift from Okawaru
 19410 | Lair:2   | Lost mutation: You occasionally lose the ability to read
                  | scrolls when taking damage. [potion of mutation]
 19410 | Lair:2   | Gained mutation: Your body sometimes deteriorates upon
                  | taking damage. [potion of mutation]
 19410 | Lair:2   | Gained mutation: You are strong-willed. (Will+) [potion of
                  | mutation]
 19721 | Lair:2   | Reached XP level 14. HP: 137/140 MP: 11/26
 20262 | Lair:3   | Found a staircase to the Snake Pit.
 20269 | Lair:3   | Noticed Fannar
 20336 | Lair:3   | Killed Fannar
 20508 | Lair:3   | Noticed Sonja
 20537 | Lair:3   | Killed Sonja
 20706 | Lair:3   | Found a bloodstained altar of Trog.
 20905 | Lair:3   | Found a staircase to the Shoals.
 21390 | Lair:4   | Identified the +0 hat of Folic {rN+ Dex+2} (Okawaru gifted
                  | it to you on level 4 of the Lair of Beasts)
 21390 | Lair:4   | Received a gift from Okawaru
 21423 | Lair:4   | Reached skill level 10 in Fighting
 21676 | Lair:4   | Identified the +10 rapier of the Sage {freeze, MP+9 SInv}
 22106 | D:10     | Entered Level 10 of the Dungeon
 22327 | Orc:2    | Bought a book of the Tundra for 384 gold pieces
 22332 | Orc:2    | Learned a level 4 spell: Ice Form
 22558 | Lair:5   | Entered Level 5 of the Lair of Beasts
 22560 | Lair:5   | Identified the +7 plate armour of Recklessness {rN+ Str+3
                  | Dex+2}
 23220 | Lair:5   | Reached skill level 1 in Axes
 23240 | Lair:5   | Found a viscous altar of Jiyva.
 23240 | Lair:5   | Found a staircase to the Slime Pits.
 23372 | Lair:5   | Identified the -2 hat of Okawaru's Supremacy {rN+ Regen+
                  | Int+2} (Okawaru gifted it to you on level 5 of the Lair of
                  | Beasts)
 23372 | Lair:5   | Received a gift from Okawaru
 23390 | Lair:5   | Reached skill level 1 in Shields
 23626 | Lair:5   | Identified the +1 ring mail "Neecyzon" {Fly}
 23668 | Lair:5   | Learned a level 3 spell: Stone Arrow
 24279 | D:10     | Reached XP level 15. HP: 151/152 MP: 23/28
 25288 | D:10     | Reached skill level 1 in Earth Magic
 25514 | D:11     | Found a gate leading to a gauntlet.
 25523 | Gauntlet | Entered a Gauntlet
 25523 | Gauntlet | Found a transporter.
 25523 | Gauntlet | Found a transporter.
 25533 | Gauntlet | Found a transporter.
 25537 | Gauntlet | Found a transporter.
 25549 | Gauntlet | Found a transporter.
 25552 | Gauntlet | Found a transporter.
 25562 | Gauntlet | Found a transporter.
 25578 | Gauntlet | Found a transporter.
 25609 | Gauntlet | Found a transporter.
 25610 | Gauntlet | Found a transporter.
 25619 | Gauntlet | Found a transporter.
 25623 | Gauntlet | Found a transporter.
 25838 | Gauntlet | Identified the +3 dagger of Qesipp {freeze, rN+}
 25842 | Gauntlet | Identified the ring of Peumu {Fly rPois Str+2 Slay-2}
 25907 | Gauntlet | Reached skill level 10 in Spellcasting
 25929 | Gauntlet | Identified a ring "Seddo" {Wiz rF++ Dex+3 Slay-3}
 26048 | D:11     | Reached skill level 11 in Fighting
 26259 | D:11     | Found a hazy altar of Hepliaklqana.
 26674 | D:11     | Reached skill level 1 in Evocations
 26983 | D:12     | Noticed Jorgrun
 27010 | D:12     | Killed Jorgrun
 27010 | D:12     | Identified the +4 mace of Anguish {flame, rElec rF+ Will+
                  | Int-2} (Okawaru gifted it to you on level 12 of the
                  | Dungeon)
 27010 | D:12     | Received a gift from Okawaru
 27983 | D:13     | Found a gate to the Vaults.
 28964 | D:14     | Reached skill level 5 in Shields
 29168 | D:14     | Noticed Frances
 29203 | D:14     | Killed Frances
 29203 | D:14     | Received a gift from Okawaru
 29216 | D:14     | Noticed Snorg
 29217 | D:14     | Identified the +1 leather armour "Sophu" {rF++ Str+2 Dex-3}
 29231 | D:14     | Killed Snorg
 29435 | D:14     | Identified Roxanne's Compilation of Quicksand
 29435 | D:14     | Noticed Roxanne
 29569 | D:14     | Killed Roxanne
 29743 | D:15     | Entered Level 15 of the Dungeon
 30051 | D:15     | Reached XP level 16. HP: 164/165 MP: 30/30
 30196 | D:15     | Found a staircase to the Depths.
 30758 | Snake:1  | Entered Level 1 of the Snake Pit
 31085 | Snake:1  | Identified the +8 demon trident of Ruination {vamp, Int+5}
                  | (Okawaru gifted it to you on level 1 of the Snake Pit)
 31085 | Snake:1  | Received a gift from Okawaru
 31087 | Snake:1  | Reached skill level 12 in Fighting
 31692 | Snake:1  | Found Zehih's Vocational Training.
 31713 | Snake:1  | Found Vymen's Book Emporium.
 31714 | Snake:1  | Found Ugouc's Jewellery Boutique.
 31715 | Snake:1  | Found Woba's Book Emporium.
 31752 | Snake:1  | Bought a book of Lightning for 646 gold pieces
 31752 | Snake:1  | Bought a book of Changes for 306 gold pieces
 31755 | Snake:1  | Learned a level 2 spell: Wereblood
 31761 | Snake:1  | Learned a level 5 spell: Arcjolt
 32602 | Snake:2  | Noticed Azrael
 32614 | Snake:2  | Killed Azrael
 32614 | Snake:2  | Identified the +0 robe "Wiblugen" {rF+} (Okawaru gifted it
                  | to you on level 2 of the Snake Pit)
 32614 | Snake:2  | Received a gift from Okawaru
 32634 | Snake:2  | Reached skill level 5 in Polearms
 32688 | Snake:2  | Upgraded the game from 0.30-a0-651-g0755cc6dcf to
                  | 0.30-a0-691-g754fce4c43
 34360 | Snake:3  | Reached skill level 10 in Air Magic
 34365 | Snake:3  | Reached XP level 17. HP: 174/175 MP: 23/32
 34724 | Snake:3  | Found an iron altar of Okawaru.
 34936 | Snake:3  | Identified the +0 kite shield "Niojann" {rPois Regen+ Int+4
                  | Dex+3} (Okawaru gifted it to you on level 3 of the Snake
                  | Pit)
 34936 | Snake:3  | Received a gift from Okawaru
 35132 | Snake:4  | Entered Level 4 of the Snake Pit
 35187 | Snake:4  | Found a frozen archway.
 35252 | Snake:4  | Reached skill level 13 in Fighting
 35265 | IceCv    | Entered an ice cave
 35507 | IceCv    | HP: 6/176 [minotaur simulacrum (15)]
 35509 | IceCv    | HP: 2/176 [minotaur simulacrum (19)]
 36007 | IceCv    | Learned a level 5 spell: Lightning Bolt
 36982 | IceCv    | Noticed an Ice Fiend
 36995 | IceCv    | Killed an Ice Fiend
 37153 | IceCv    | Identified the ring "Bojo" {rElec rPois rC+ Dex+7 Stlth-}
 37383 | Snake:4  | Identified the +2 scale mail of Honour {+Blink}
 37404 | Snake:4  | Found a runed translucent door.
 37571 | Snake:4  | Reached skill level 5 in Axes
 37793 | Snake:4  | Identified the +7 demon trident of Doom {heavy, rN+ Int+2}
                  | (Okawaru gifted it to you on level 4 of the Snake Pit)
 37793 | Snake:4  | Received a gift from Okawaru
 37816 | Snake:4  | Reached skill level 10 in Armour
 38107 | Snake:4  | Reached skill level 10 in Dodging
 38148 | Snake:4  | Reached XP level 18. HP: 186/187 MP: 25/34
 38201 | Snake:4  | HP: 7/187 [naga sharpshooter/bolt (26)]
 38202 | Snake:4  | Demolished by a naga warrior

Illustrated notes

Levels and vault maps discovered:
D:1:      lemuel_arrival_room, layout_basic
D:2:      layout_basic, hellmonk_ecumenical_altar_leap_of_faith,
          uniq_crazy_yiuf_cottage
D:3:      layout_basic, yredelemnul_forgotten_temple_becter
D:4:      minmay_angry_zag, layout_basic, ashenzari_conservatory_becter,
          mainiacjoe_overflow_24_doors, portal_sewer_entry_e
D:5:      layout_loops_cross, uniq_pikel, uniq_edmund, uniq_sigmund
D:6:      layout_basic, fedhas_altar_3, mainiacjoe_overflow_cross_hatched,
          overflow_temple_1_default
D:7:      layout_loops_ring, lightli_temple_of_fire,
          minmay_temple_entry_purple_smoke, serial_undead, serial_undead_e,
          serial_undead_c, serial_undead_a, serial_undead_f
D:8:      layout_loops_ring, vehumet_altar_wand_db, dpeg_lair_monsters,
          nicolae_shop_dragon_depot, minmay_alternating_orb
D:9:      layout_loops_cross, amcnicky_altar_gilded,
          chequers_temple_overflow_statue_of_worship,
          nicolae_overflow_hidden_temple, david_orc_1_choice, minmay_circle_x
D:10:     layout_basic, minmay_nine_imps
D:11:     layout_gridville, gauntlet_entry_generic,
          nicolae_hepliaklqana_monster_ancestors
D:12:     layout_big_octagon, serial_rivers, chequers_serial_rivers_large_a,
          chequers_serial_rivers_micro_b, chequers_serial_rivers_small_3,
          chequers_serial_rivers_small_3, chequers_serial_rivers_small_a,
          chequers_serial_rivers_room_a, amethyst_killhole, uniq_jorgrun
D:13:     layout_loops_ring, skrybe_vaults_entry_preservation
D:14:     layout_irregular_city, uniq_roxanne, uniq_frances, uniq_snorg
D:15:     grunt_enter_depths_hoard, layout_stronghold, hangedman_decor_points
Temple:   hellmonk_temple_forest_ring
Lair:1:   layout_layer_cave, minivault_27, chequers_serial_rivers_micro_d,
          chequers_serial_rivers_small_3, serial_bayou_shore_b
Lair:2:   layout_layer_cave, lemuel_fruit_fields, infiniplex_staircase_pool
Lair:3:   statuecave_lemuel, layout_gridlike,
          minmay_shoals_entry_lonely_mermaid, dummy_snake_entry, basic_altar,
          grunt_forest_large_clearings, uniq_sonja, uniq_fannar
Lair:4:   layout_misc_corridors, grunt_megastairs_4
Lair:5:   minmay_lair_end_frog_pond, layout_misc_corridors, slime_entry_1
Snake:1:  layout_cave_shapes, nicolae_shop_vocational, minmay_shop_grove,
          serial_bayou_shore_b
Snake:2:  layout_chambers, nrook_guardian_serpent_double,
          nicolae_triple_integral, uniq_azrael
Snake:3:  layout_onion_interference, basic_altar
Snake:4:  grunt_snake_rune_serpentine_throne, layout_grid_shapes,
          portal_ice_cave_entry_pillars_four, lightli_airlock
Orc:1:    layout_caves, gammafunk_ghost_arena, minmay_orc_treasury
Orc:2:    kennysheep_orc_mage_school, layout_caves,
          nicolae_volcano_entry_hallway, basic_altar

Skill      XL: |  1  2  3  4  5  6  7  8  9 10 11 12 13 14 15 16 17 |
---------------+----------------------------------------------------+-----
Conjurations   | 1 2 3 4 5 6 7 |  7.0
Translocations | 1 2 3 |  3.0
Dodging        | 2 3 4 5 6 7 8 9 10 | 10.0
Summonings     | 1 |  1.0
Fighting       | 1 2 3 4 6 7 8 9 10 11 12 13 | 13.6
Unarmed Combat | 1 |  1.0
Spellcasting   | 4 5 6 7 8 9 10 11 12 | 12.1
Armour         | 1 2 3 4 5 6 8 9 10 | 10.0
Polearms       | 1 2 3 5 7 |  7.5
Air Magic      | 1 2 4 5 6 7 8 10 11 | 11.1
Poison Magic   | 1 2 |  2.0
Fire Magic     | 1 2 |  2.0
Transmutations | 1 2 4 |  4.0
Maces & Flails | 2 4 5 6 7 8 |  8.2
Invocations    | 1 3 5 7 8 9 |  9.0
Ice Magic      | 2 4 5 6 7 |  7.0
Axes           | 2 4 5 |  5.6
Shields        | 1 5 6 8 |  8.5
Earth Magic    | 2 |  2.0
Evocations     | 1 |  1.0
Stealth        | |  1.4

Action                   |  1- 3 |  4- 6 |  7- 9 | 10-12 | 13-15 | 16-18 || total
-------------------------+-------+-------+-------+-------+-------+-------++-------
Melee: Whip              |    52 |       |   135 |   744 |  1747 |       ||  2678
       Dagger            |     3 |       |       |       |       |       ||     3
       Staff             |    52 |     5 |       |       |       |    21 ||    78
       Spear             |       |   131 |   128 |       |       |       ||   259
       Punch             |       |       |     1 |    17 |    42 |     7 ||    67
       Broad axe         |       |       |       |       |    77 |   136 ||   213
       Demon trident     |       |       |       |       |       |   672 ||   672
       Morningstar       |       |       |       |       |       |     2 ||     2
Throw: Dart              |       |       |       |    10 |       |       ||    10
       Throwing net      |       |       |       |     1 |       |       ||     1
       Large rock        |       |       |       |       |     7 |    35 ||    42
 Cast: Magic Dart        |    10 |     2 |     1 |       |       |       ||    13
       Call Imp          |     3 |    13 |    25 |       |       |       ||    41
       Blink             |     1 |     1 |     2 |    24 |     8 |    18 ||    54
       Mephitic Cloud    |       |     4 |     6 |    40 |    37 |     1 ||    88
       Ignite Poison     |       |       |     4 |     1 |       |     2 ||     7
       Cigotuvi's Dreadf |       |       |     1 |       |       |       ||     1
       Freezing Cloud    |       |       |       |    69 |    61 |    61 ||   191
       Sublimation of Bl |       |       |       |     6 |       |       ||     6
       Ice Form          |       |       |       |       |     3 |       ||     3
       Stone Arrow       |       |       |       |       |     2 |     1 ||     3
       Wereblood         |       |       |       |       |       |    22 ||    22
       Arcjolt           |       |       |       |       |       |    67 ||    67
       Lightning Bolt    |       |       |       |       |       |    15 ||    15
Invok: Heroism           |       |       |       |     4 |     3 |       ||     7
       Finesse           |       |       |       |     1 |     2 |       ||     3
 Abil: End Transformatio |       |       |       |       |     1 |       ||     1
Evoke: Wand              |       |       |     3 |     8 |     4 |    29 ||    44
       Condenser vane    |       |       |       |       |     2 |       ||     2
       Phial of floods   |       |       |       |       |     1 |     1 ||     2
  Use: Scroll            |     4 |     4 |     6 |     7 |    17 |     7 ||    45
       Potion            |       |       |     8 |     4 |     6 |     8 ||    26
 Stab: Sleeping          |     2 |     3 |       |       |       |     1 ||     6
       Confused          |       |       |     3 |    15 |    11 |       ||    29
       Distracted        |       |       |     1 |     1 |       |       ||     2
       Invisible         |       |       |       |     3 |       |       ||     3
       Petrified         |       |       |       |       |     2 |       ||     2
Armor: Robe              |    45 |    26 |    31 |    77 |       |     4 ||   183
       Fire dragon scale |       |       |       |     9 |   529 |   527 ||  1065
       Skin              |       |       |       |       |     3 |       ||     3
Dodge: Dodged            |    68 |    91 |   168 |   409 |   831 |   738 ||  2305
Block: Kite shield       |       |       |       |       |       |   190 ||   190

Table legend: (Time is in decaauts)
 A = Elapsed time spent in this place.
 B = Non-inter-level travel time spent in this place.
 C = Inter-level travel time spent in this place.
 D = Time resting spent in this place.
 E = Time spent auto-exploring this place.
 F = Levels seen in this place.
 G = Mean time per level.
                   A        B        C        D        E       F      G
               +--------+--------+--------+--------+--------+-----+--------+
         Total |  36896 |  35152 |   1744 |   6939 |  16061 |  31 | 1190.2 |
       Dungeon |  17960 |  16935 |   1025 |   3194 |   9130 |  15 | 1197.3 |
        Temple |    108 |    100 |      8 |      0 |     85 |   1 |  108.0 |
          Lair |   5449 |   5070 |    379 |    705 |   2811 |   5 | 1089.8 |
     Snake Pit |   4948 |   4893 |     55 |    425 |   2470 |   4 | 1237.0 |
  Orcish Mines |   5236 |   4960 |    276 |   1382 |   1552 |   2 | 2618.0 |
         Sewer |    193 |    193 |      0 |      0 |      0 |   1 |  193.0 |
      Ice Cave |   2023 |   2023 |      0 |    952 |      0 |   1 | 2023.0 |
       Volcano |    606 |    606 |      0 |    262 |     13 |   1 |  606.0 |
      Gauntlet |    371 |    371 |      0 |     18 |      0 |   1 |  371.0 |
               +--------+--------+--------+--------+--------+-----+--------+

Top non-repeatable levels by time:
   Orc:1: 3614 daAuts
     D:7: 2770 daAuts
   IceCv: 2023 daAuts
  Lair:3: 1903 daAuts
     D:9: 1893 daAuts
     D:8: 1723 daAuts
 Snake:2: 1641 daAuts
   Orc:2: 1621 daAuts
  Lair:2: 1308 daAuts
     D:2: 1281 daAuts
    D:10: 1271 daAuts
 Snake:3: 1236 daAuts
     D:6: 1218 daAuts
 Snake:4: 1107 daAuts
    D:14: 1097 daAuts
